 Dungeon Crawl Stone Soup version 0.25-a0-1136-gc1285e62ab (webtiles) character file.

Game seed: 5995759309146725296, levelgen mode: deterministic

29 Pretor the Skirmisher (level 3, -4/33 HPs)
             Began as a Hill Orc Fighter on May 23, 2020.
             Killed from afar by Natasha (8 damage)
             ... with a magic dart
             ... on level 2 of the Dungeon.
             The game lasted 00:05:12 (1136 turns).

Pretor the Skirmisher (Hill Orc Fighter)            Turns: 1136, Time: 00:05:13

Health: -4/33      AC:  6    Str: 19    XL:     3   Next: 16%
Magic:  3/3        EV:  7    Int:  8    God:
Gold:   100        SH:  9    Dex: 10    Spells: 2/2 levels left

rFire    . . .     SeeInvis .   a - +0 war axe
rCold    . . .     Gourm    .   c - +0 kite shield
rNeg     . . .     Faith    .   b - +0 scale mail
rPois    .         Spirit   .   (no helmet)
rElec    .         Reflect  .   (no cloak)
rCorr    .         Harm     .   (no gloves)
MR       .....                  (no boots)
Stlth    ..........             (no amulet)
HPRegen  0.11/turn              (no ring)
MPRegen  0.08/turn              (no ring)

@: no status effects
A: no striking features
a: no special abilities


You were on level 2 of the Dungeon.
You were not hungry.

You visited 1 branch of the dungeon, and saw 2 of its levels.

You collected 100 gold pieces.

Inventory:

Hand Weapons
 a - a +0 war axe (weapon)
 j - a +0 hunting sling
Missiles
 e - 31 stones (quivered)
 q - 14 arrows
Armour
 b - a +0 scale mail (worn)
 c - a +0 kite shield (worn)
 g - a +0 hat
Scrolls
 h - a scroll of remove curse {unknown}
 k - 2 scrolls of identify {unknown}
 l - a scroll of blinking {unknown}
 m - a scroll of teleportation {unknown}
 o - 3 scrolls of enchant weapon {unknown}
 p - a scroll of amnesia {unknown}
 r - a scroll of magic mapping {unknown}
 s - a scroll of enchant armour {unknown}
Potions
 d - a potion of might
 i - a potion of brilliance {unknown}
Comestibles
 f - 3 rations


   Skills:
 - Level 4.0 Fighting
 * Level 3.3 Axes
 - Level 3.5 Armour
 - Level 0.1 Dodging
 + Level 3.7 Shields


You had 2 spell levels left.
You didn't know any spells.
Your spell library was empty.

Dungeon Overview and Level Annotations

Branches:
Dungeon (2/15)

Altars:
Qazlal

Annotations:
D:2 Natasha


Message History

Natasha mumbles some strange words.
Natasha stares at you and mumbles some strange words.
You resist with significant effort.
The crimson imp disappears for a moment.
Natasha growls.
Natasha casts a spell.
Natasha casts a spell.
Natasha wildly gestures.
You feel disoriented.
The crimson imp blinks!
Natasha stares at you and mumbles some strange words.
The magic dart hits you.
* * * LOW HITPOINT WARNING * * *
The crimson imp blinks!
Natasha wildly gestures.
Natasha glows brightly for a moment.
You block Natasha's attack. Natasha casts a spell at you.
The magic dart hits you!
You die...

#.##.# #...# #)##.#.# #.#.....
#.##.###...####.##.#.#####.#.....
#.##.#.............. . ....+.....
.................... . ..#.#.....
..#..###...####.##.#.###.#.#))...
.....###...####.# .#.......'.....
..#.............##.#..##.###.....
.................................
................@................
.##.###...#######..#..##.#.......
..........#######h.#..##.####.#..
....###...##.............####+#..
..#.# #...#######.5#..##........#
..#.###............#..##........#
..#..............................
..#.###...####.##......#.##+#+#.#
'##.###...####.##......#.........


You could see Natasha and a shadow imp (summoned).

Vanquished Creatures
  An ooze (D:1)
  A ball python (D:1)
  A bat (D:1)
  A giant cockroach (D:1)
  2 goblins (D:1)
  5 hobgoblins
  3 frilled lizards
  8 kobolds
  A rat (D:1)
23 creatures vanquished.

Notes
Turn   | Place    | Note
-------+----------+-------------------------------------------
     0 | D:1      | Pretor the Hill Orc Fighter began the quest for the Orb.
     0 | D:1      | Reached XP level 1. HP: 19/19 MP: 1/1
   301 | D:1      | Reached XP level 2. HP: 23/27 MP: 2/2
   540 | D:1      | Reached skill level 4 in Fighting
   657 | D:2      | Reached XP level 3. HP: 29/33 MP: 3/3
   721 | D:2      | Found a stormy altar of Qazlal.
  1092 | D:2      | Noticed Natasha
  1136 | D:2      | Killed from afar by Natasha

Illustrated notes

Levels and vault maps discovered:
D:1:      lightli_arrival_farm, layout_basic
D:2:      layout_basic, overflow_temple_1_default, uniq_natasha

Skill      XL: |  1  2 |
---------------+-------+-----
Fighting       | 4 |  4.0
Axes           | 3 |  3.3
Armour         | |  3.5
Dodging        | |  0.1
Shields        | |  3.7

Action                   || total
-------------------------++-------
Melee: War axe           ||    69
  Eat: Chunk             ||     1
Armor: Scale mail        ||    32
Dodge: Dodged            ||    25
Block: Kite shield       ||    37

Table legend:
 A = Non-vault XP
 B = Vault XP
 C = Vault XP percentage of total XP
 D = Non-vault monster count
 E = Vault monster count
 F = Vault count percentage of total count
                 A         B        C        D         E       F
            +---------+---------+-------+---------+---------+-------
      Total |      42 |       0 |   0.0 |      23 |       0 |   0.0
            +---------+---------+-------+---------+---------+-------
        D:1 |      30 |       0 |   0.0 |      15 |       0 |   0.0
        D:2 |      12 |       0 |   0.0 |       8 |       0 |   0.0
            +---------+---------+-------+---------+---------+-------
